 Dungeon Crawl Stone Soup version 0.30-a0-585-g93115170b9 (webtiles) character file.

Game seed: 3457125232588365362

137 bmack86 the Covered (level 5, -2/47 HPs)
             Began as a Minotaur Fighter on Jan 2, 2023.
             Succumbed to an orc wizard's poison
             ... on level 4 of the Dungeon.
             The game lasted 00:06:27 (2378 turns).

bmack86 the Covered (Minotaur Fighter)              Turns: 2378, Time: 00:06:27

Health: -2/47      AC: 15    Str: 22    XL:     5   Next: 0%
Magic:  4/4        EV:  6    Int:  5    God:
Gold:   94         SH:  0    Dex: 10    Spells: 4/4 levels left

rFire   . . .      SeeInvis .    a - +0 war axe
rCold   . . .      Faith    .    c - +0 buckler
rNeg    . . .      Spirit   .    q - +0 plate armour
rPois   .          Reflect  .    (helmet restricted)
rElec   .          Harm     .    o - +0 cloak
rCorr   .          Rampage  .    i - +0 pair of gloves
Will    .....                    k - +0 pair of boots Stlth
                                 (no amulet)
HPRegen 0.27/turn                (no ring)
MPRegen 0.09/turn                (no ring)

@: confused, mighty, lethally poisoned (-2 -> -24)
A: horns 2, retaliatory headbutt
a: no special abilities


You were on level 4 of the Dungeon.
You visited 1 branch of the dungeon, and saw 4 of its levels.

You collected 122 gold pieces.
You spent 28 gold pieces at shops.

Inventory:

Hand Weapons
 a - a +0 war axe (weapon)
Missiles
 m - 6 datura-tipped darts (quivered)
Armour
 b - a +0 scale mail
 c - a +0 buckler (worn)
 i - a +0 pair of gloves (worn)
 k - a +0 pair of boots (worn)
 o - a +0 cloak (worn)
 q - a +0 plate armour (worn)
Scrolls
 g - a scroll of enchant weapon
 h - 2 scrolls of teleportation
Potions
 d - a potion of might
 e - 2 potions of degeneration
 j - 2 potions of brilliance
 p - a potion of invisibility


   Skills:
 + Level 4.3 Fighting
 * Level 4.3 Axes
 + Level 1.0 Throwing
 + Level 4.3 Armour
 + Level 4.3 Shields


You had 4 spell levels left.
You didn't know any spells.
Your spell library contained the following spells:

 Spells                   Type           Power      Damage    Failure   Level
 Beastly Appendage        Tmut           0%         N/A       100%        1
 Kiss of Death            Conj/Necr      0%         2d5       100%        1
 Magic Dart               Conj           0%         1d3       100%        1
 Call Imp                 Summ           0%         N/A       100%        2
 Wereblood                Tmut           0%         N/A       100%        2
 Confusing Touch          Hex            0%         N/A       100%        3
 Mephitic Cloud           Conj/Pois/Air  0%         N/A       100%        3
 Spider Form              Tmut/Pois      0%         N/A       100%        3
 Dispel Undead            Necr           0%         3d6       100%        4


Dungeon Overview and Level Annotations

Branches:
Dungeon (4/15)
 Temple: D:4-7

Altars:
Elyvilon
Fedhas
Ru
Uskayaw

Shops:
D:2 ((*   D:3 [


Innate Abilities, Weirdness & Mutations

You have a pair of horns on your head.
You reflexively headbutt those who attack you in melee.


Message History

You are more poisoned.
The orc barely misses you.
You feel very sick. The orc barely misses you.
The orc priest barely misses you.
You barely miss the orc. You barely miss the orc priest.
You slash the orc wizard!
You feel very sick. The orc wizard casts a spell at you.
The magic dart hits you.
The orc priest hits you but does no damage.
The orc hits you but does no damage.
You miss the orc. You hit the orc priest. You slash the orc wizard!
You kill the orc wizard!
You feel sick. The orc hits you with a +0 flail.
The orc priest hits you with a +0 hand axe.
* * * LOW HITPOINT WARNING * * *
The endoplasm freezes you.
You are frozen.
* * * LOW HITPOINT WARNING * * *
The orc hits you but does no damage.
The orc wizard hits you with a +2 dagger of venom.
* * * LOW HITPOINT WARNING * * *
You are lethally poisoned!
The orc priest looks encouraged for a moment.
Your Throwing skill increases to level 1!
You have reached level 5!
You feel very mighty all of a sudden.
* * * LOW HITPOINT WARNING * * *
You feel very sick. The orc closely misses you.
The orc priest hits you but does no damage.
The endoplasm hits you but does no damage.
The orc wizard hits you but does no damage.
You are more poisoned.
You slash the orc!
You kill the orc!
You closely miss the orc priest. You closely miss the orc wizard.
You slash the endoplasm!
You kill the endoplasm!
You die...

#.# #...#.. #.# #...#.
... #.# ..... ... #.#
#... ..# #.# #.. ...
####.#### #.#######.###.
#.......####......)......
#.<...'.......)o...###.
#....<######..@oo......
#...............###...###
#############..... ...#
#..?##. .... .....#
....#. #...... .....
#...... .... #...#.


You could see an orc priest, an orc wizard and an orc.

Vanquished Creatures
  Ijyb (D:3)
  An orc wizard (D:4)
  2 adders (D:2)
  2 worms
  2 dart slugs
  3 orcs
  4 endoplasms
  A giant cockroach (D:1)
  2 hobgoblins
  4 jackals (D:1)
  7 kobolds
  2 quokkas
  6 ball pythons
  4 bats
  2 frilled lizards
  24 rats
67 creatures vanquished.

Notes
Turn   | Place    | Note
-------+----------+-------------------------------------------
     0 | D:1      | bmack86 the Minotaur Fighter began the quest for the Orb.
     0 | D:1      | Reached XP level 1. HP: 19/19 MP: 0/0
   293 | D:1      | Reached XP level 2. HP: 27/27 MP: 1/1
   862 | D:2      | Reached XP level 3. HP: 32/33 MP: 2/2
   976 | D:2      | Found Kotadapa's General Store.
  1130 | D:2      | Found Zipedd's Antique Weapon Shop.
  1287 | D:2      | Found Doinahoe's Weapon Boutique.
  1293 | D:2      | Bought 6 datura-tipped darts for 28 gold pieces
  1356 | D:3      | Identified the +1 ring mail "Doeproela" {rN+}
  1374 | D:3      | Found a hide-covered altar of Uskayaw.
  1376 | D:3      | Noticed Ijyb
  1523 | D:3      | Killed Ijyb
  1524 | D:3      | Reached XP level 4. HP: 11/40 MP: 3/3
  1807 | D:3      | Found a faded altar of an unknown god.
  1812 | D:3      | Found a blossoming altar of Fedhas.
  1959 | D:3      | Found a white marble altar of Elyvilon.
  1966 | D:3      | Found a sacrificial altar of Ru.
  2094 | D:3      | Found Losotuqi's Armour Emporium.
  2377 | D:4      | Reached skill level 1 in Throwing
  2377 | D:4      | Reached XP level 5. HP: 8/47 MP: 4/4
  2378 | D:4      | Succumbed to an orc wizard's poison

Illustrated notes

Levels and vault maps discovered:
D:1:      psy_arrival_wood_between_worlds, layout_basic
D:2:      layout_loops_ring, serial_shops, nicolae_diamond_shop,
          nicolae_shop_trees, shop_statue
D:3:      layout_rooms, nicolae_overflow_ecumenical_swirl,
          nicolae_uskayaw_dance_hall, minitemple, serial_shops,
          nicolae_shop_stone, serial_bayou_pond_c, minmay_misc_feat_columns,
          kennysheep_cross_room, minmay_rat_hole, uniq_ijyb
D:4:      layout_basic, dk_yredelemnul_ordeal, serial_shops, nicolae_square_shop

Skill      XL: |  1  2  3  4 |
---------------+-------------+-----
Axes           | 3 4 |  4.3
Fighting       | 4 |  4.3
Armour         | 4 |  4.3
Shields        | 4 |  4.3
Throwing       | 1 |  1.0

Action                   |  1- 3 |  4- 6 || total
-------------------------+-------+-------++-------
Melee: War axe           |    69 |    45 ||   114
       Headbutt          |    10 |     3 ||    13
       Unarmed           |    19 |       ||    19
  Use: Scroll            |     4 |     4 ||     8
       Potion            |       |     1 ||     1
Armor: Scale mail        |    53 |    19 ||    72
       Plate armour      |       |    13 ||    13
Dodge: Dodged            |    51 |    25 ||    76
Block: Buckler           |    11 |    13 ||    24

Table legend: (Time is in decaauts)
 A = Elapsed time spent in this place.
 B = Non-inter-level travel time spent in this place.
 C = Inter-level travel time spent in this place.
 D = Time resting spent in this place.
 E = Time spent auto-exploring this place.
 F = Levels seen in this place.
 G = Mean time per level.
                   A        B        C        D        E       F      G
               +--------+--------+--------+--------+--------+-----+--------+
         Total |   2382 |   2308 |     74 |    112 |   1449 |   4 |  595.5 |
       Dungeon |   2382 |   2308 |     74 |    112 |   1449 |   4 |  595.5 |
               +--------+--------+--------+--------+--------+-----+--------+

Top non-repeatable levels by time:
     D:3: 1004 daAuts
     D:1: 735 daAuts
     D:2: 614 daAuts
     D:4: 28 daAuts
